 Dungeon Crawl Stone Soup version 0.18.1-50-g88ac8fd (webtiles) character file.

3 Amnesiac the Charlatan (level 1, -5/11 HPs)
             Began as a Deep Elf Artificer on Feb 28, 2018.
             Killed by divine providence
             ... invoked by an orc priest
              (16 damage)
             ... on level 4 of the Dungeon.
             The game lasted 00:00:23 (118 turns).

Amnesiac the Charlatan (Deep Elf Artificer)          Turns: 118, Time: 00:00:24

Health: -5/11      AC:  3    Str:  8    XL:     1   Next: 41%
Magic:  5/5        EV: 12    Int: 16    God:
Gold:   12         SH:  0    Dex: 15    Spells: 0 memorised, 0 levels left

rFire  . . .     SeeInvis .     a - +0 short sword
rCold  . . .     Gourm    .     b - +0 leather armour
rNeg   . . .     Faith    .     (no shield)
rPois  .         Spirit   .     (no helmet)
rElec  .         Dismiss  .     (no cloak)
rCorr  .         Reflect  .     (no gloves)
SustAt .         Harm     .     (no boots)
MR     .....                    (no amulet)
Stlth  ++........               (no ring)
                                (no ring)

@: not resistant to hostile enchantments, unstealthy
A: no striking features
a: no special abilities


You were on level 4 of the Dungeon.
You were not hungry.

You visited 1 branch of the dungeon, and saw 3 of its levels.

You collected 12 gold pieces.

Inventory:

Hand Weapons
 a - a +0 short sword (weapon)
Missiles
 g - 17 arrows
Armour
 b - a +0 leather armour (worn)
Wands
 c - a wand of flame (15/48)
 d - a wand of enslavement (15/24)
 e - a wand of random effects (15/48)
Scrolls
 h - a scroll of magic mapping {!r, unknown}
Comestibles
 f - a bread ration


   Skills:
 - Level 0.7 Fighting
 - Level 1.0 Short Blades
 - Level 2.4 Dodging
 - Level 1.2 Stealth
 + Level 3.5 Evocations


You couldn't memorise any spells.
You didn't know any spells.

Dungeon Overview and Level Annotations

Branches:
Dungeon (2/15)

Altars:

Annotations:
D:4 Amnesiac's ghost, weakling DEAr


Message History

You miss the bat. The bat hits you but does no damage.
You hit the bat.
The bat is moderately wounded.
The bat barely misses you. The bat closely misses you. The bat misses you.
You barely miss the bat. The bat closely misses you. x2
You closely miss the bat. The bat misses you. The bat completely misses you.
You hit the bat.
You kill the bat!
You see here a bat corpse.
The bat closely misses you.
You closely miss the bat. The bat barely misses you. The bat hits you. x2
You hit the bat but do no damage. The bat barely misses you.
The bat misses you. x2
You closely miss the bat. The bat hits you but does no damage.
You closely miss the bat. The bat barely misses you. The bat misses you.
You hit the bat.
You kill the bat!
Failed to move towards target.
h - a scroll labeled CUSMEFAH HURI {!r}
Found a stone staircase leading down.
There is a stone staircase leading down here.
HP restored.
A giant cockroach comes into view.
A giant cockroach is nearby!
Found 12 gold pieces.
You hit the giant cockroach.
The giant cockroach is severely wounded.
The giant cockroach completely misses you.
You barely miss the giant cockroach.
The giant cockroach is severely wounded.
The giant cockroach barely misses you.
The giant cockroach bites you but does no damage.
Your leather armour prevents you from hitting the giant cockroach.
The giant cockroach is severely wounded.
The giant cockroach misses you.
You hit the giant cockroach but do no damage.
The giant cockroach is severely wounded.
The giant cockroach barely misses you.
You closely miss the giant cockroach.
The giant cockroach is severely wounded.
The giant cockroach barely misses you.
You hit the giant cockroach.
You kill the giant cockroach!
No target in view!
You now have 12 gold pieces.
There is a stone staircase leading down here.
You climb downwards.
A ball python and an adder come into view.
Found a scroll labeled CUSMEFAH HURI.
There is a stone staircase leading up here.
There are monsters nearby!
There are monsters nearby!
There is a shaft here.
You fall through a shaft for 2 floors!
The shaft crumbles and collapses.
A giant gecko, 4 orcs and a player ghost come into view.
The orc priest shouts!
The orc wizard shouts!
The orc priest calls down the wrath of Beogh upon you.
Beogh smites you!
Ouch! That really hurt!
You die...

#.........
#.o.......
#.........
#..o......
##...o.....
#....o.....
#..........
#..W# #..@#
#.........+
##..#######
#.l# #..#
#..# ...#
...#


You could see 2 orc priests, an orc wizard, Amnesiac's ghost, an orc (wandering)
and a giant gecko.

Vanquished Creatures
  2 bats (D:1)
  A giant cockroach (D:1)
3 creatures vanquished.

Notes
Turn   | Place    | Note
--------------------------------------------------------------
     0 | D:1      | Amnesiac the Deep Elf Artificer began the quest for the Orb.
     0 | D:1      | Reached XP level 1. HP: 11/11 MP: 5/5
     4 | D:1      | Noticed an electric eel
     4 | D:1      | Noticed an electric eel
   117 | D:2      | You fall through a shaft for 2 floors!
   117 | D:4      | Noticed an orc priest
   117 | D:4      | Noticed an orc wizard
   117 | D:4      | Noticed an orc priest
   117 | D:4      | Noticed Amnesiac's ghost (weakling DEAr)
   118 | D:4      | Killed from afar by an orc priest

Action                   || total
-------------------------++-------
Melee: Short sword       ||    16
Armor: Leather armour    ||     3
Dodge: Dodged            ||    20
